[Event "Late-Titled-Tuesday-Blitz-February-27-2024"]
[Site "Chess.com"]
[Date "2024.02.27"]
[Round "9"]
[White "WilsonPalencia21"]
[Black "Akhayan"]
[Result "1-0"]
[WhiteElo "2575"]
[BlackElo "2431"]
[TimeControl "180+1"]
[EndTime "15:41:30 PST"]
[Termination "WilsonPalencia21 won by resignation"]

1. d4 f5 2. c4 Nf6 3. Nf3 e6 4. g3 c6 5. Bg2 d5 6. O-O Bd6 7.
b3 Qe7 8. a4 O-O 9. Ba3 Bxa3 10. Nxa3 b6 11. Nc2 Bb7 12. Nce1 Nbd7 13. Nd3 Ne4 14.
e3 Kh8 15. Qc2 g5 16. Nfe5 g4 17. Nxd7 Qxd7 18. cxd5 exd5 19. Ne5 Qd6 20. f3 gxf3 21. Rxf3 c5 22. Raf1 cxd4 23. exd4 Qb4 24. Qd3 Ba6 25. Qxa6 Qxd4+ 26. Kh1 Qxe5 27. Rf4 Rf7 28. g4 Raf8 29. gxf5 Rxf5 30. Rxf5 Rxf5 31. Qc8+ Kg7 32. Qxf5 1-0

[Event "Late-Titled-Tuesday-Blitz-February-27-2024"]
[Site "Chess.com"]
[Date "2024.02.27"]
[Round "9"]
[White "grzechu96"]
[Black "tteshan"]
[Result "1-0"]
[WhiteElo "2748"]
[BlackElo "2601"]
[TimeControl "180+1"]
[EndTime "15:41:33 PST"]
[Termination "grzechu96 won by resignation"]

1. e4 c5 2. Nf3 Nc6 3. Bb5 e6 4. O-O Nge7 5. Re1 a6 6. Bf1 d5 7. d3 dxe4 8. dxe4 Qxd1 9. Rxd1 Ng6 10. a4 Be7 11. Na3 Nge5 12. Nxe5 Nxe5 13. f4 Nc6 14. Nc4 Bd7 15. c3 Rd8 16. a5 O-O 17. Be3 f6 18. g3 Be8 19. Rxd8 Nxd8 20. Rd1 Bc6 21. Nd6 Bxd6 22. Rxd6 Bxe4 23. Bxc5 Re8 24. Bc4 Bf5 25. Rd7 Be4 26. Kf2 Bc6 27. Rc7 h6 28.
Be7 Kh7 29. Bxf6 Rg8 30. Be5 1-0

[Event "Late-Titled-Tuesday-Blitz-February-27-2024"]
[Site "Chess.com"]
[Date "2024.02.27"]
[Round "9"]
[White "Rud_Makarian"]
[Black "cassoulet"]
[Result "1-0"]
[WhiteElo "3077"]
[BlackElo "2773"]
[TimeControl "180+1"]
[EndTime "15:41:37 PST"]
[Termination "Rud_Makarian won by resignation"]

1. Nf3 Nf6 2. g3 g6 3. c4 Bg7 4.
Nc3 O-O 5. Bg2 d5 6. cxd5 Nxd5 7.
h4 Nc6 8. h5 Nb6 9. d3 e5 10.
hxg6 hxg6 11. Bh6 Bxh6 12. Rxh6 Kg7 13. Qd2 Rh8 14. Rxh8 Qxh8 15. O-O-O Qh6 16. e3 Kf8 17. Rh1 Qg7 18. Ng5 Ke7 19. Rh7 Qf6 20. Rxf7+ Qxf7 21. Nxf7 Kxf7 22. Bxc6 bxc6 23. Ne4 Bd7 24. Qa5 Nd5 25. Nc3 Ke6 26. Kd2 Rb8 27. b3 Rf8 28. f4 exf4 29. gxf4 Rh8 30. Nxd5 Rh2+ 31. Kc3 cxd5 32.
Qxa7 Kd6 33. a4 Bg4 34. Qa6+ c6 35. Qa8 Bd1 36. Qf8+ Ke6 37. Qe8+ Kd6 38. Qxg6+ Kc5 39. d4+ Kb6 40. Qg1 Rc2+ 41. Kd3 Rc1 42. Kd2 1-0

[Event "Late-Titled-Tuesday-Blitz-February-27-2024"]
[Site "Chess.com"]
[Date "2024.02.27"]
[Round "9"]
[White "NateSolon"]
[Black "adricalderon8"]
[Result "1-0"]
[WhiteElo "2683"]
[BlackElo "2507"]
[TimeControl "180+1"]
[EndTime "15:41:45 PST"]
[Termination "NateSolon won by resignation"]

1. d4 Nf6 2. Bf4 c5 3. d5 d6 4.
Nc3 Qb6 5. Qc1 g6 6. e4 Bg7 7. Nf3 O-O 8. Be2 Bg4 9. O-O Nbd7 10. Re1 Nh5 11. Bh6 Bxf3 12. Bxg7 Kxg7 13. Bxf3 Nhf6 14. Be2 Qb4 15. a3 Qd4 16. Qf4 Qe5 17. Qe3 a6 18. Rad1 b5 19. f4 Nxd5 20. Rxd5 Qe6 21. Qg3 b4 22.
Bg4 Qf6 23. Bxd7 bxc3 24. Qxc3 Qxc3 25. bxc3 Rfb8 26. e5 Rb6 27. exd6 exd6 28. Ba4 Kf6 29. Bb3 a5 30. a4 h5 31. Kf2 Ra7 32. Red1 Ke7 33.
f5 g5 34. f6+ Kxf6 35. Rxd6+ Rxd6 36. Rxd6+ Ke5 37. Rc6 Rd7 38. Rxc5+ Kf4 39. Rd5 Rxd5 40. Bxd5 f6 41. c4 1-0

[Event "Late-Titled-Tuesday-Blitz-February-27-2024"]
[Site "Chess.com"]
[Date "2024.02.27"]
[Round "9"]
[White "Adar_07"]
[Black "AryanTari"]
[Result "1-0"]
[WhiteElo "2805"]
[BlackElo "2926"]
[TimeControl "180+1"]
[EndTime "15:41:50 PST"]
[Termination "Adar_07 won by resignation"]

1. e4 e5 2. Nf3 Nc6 3. Bb5 Nge7 4. Nc3 Ng6 5. Ne2 d5 6. exd5 Qxd5 7. Nc3 Qd6 8. d4 exd4 9. Qxd4 Bd7 10. Qxd6 Bxd6 11. Be3 O-O-O 12. O-O-O a6 13. Ba4 Nf4 14. Rxd6 cxd6 15.
Bxf4 Be6 16. Ne4 b5 17. Bb3 Bxb3 18. axb3 Ne5 19. Nxe5 dxe5 20. Bxe5 f6 21. Nxf6 Rhf8 22. Ne4 Kb7 23. Bxg7 Rg8 24. Be5 Rxg2 25. Bg3 h5 26. h4 Rd4 27. Re1 Kc6 28. Nf6 a5 29. c3 1-0

[Event "Late-Titled-Tuesday-Blitz-February-27-2024"]
[Site "Chess.com"]
[Date "2024.02.27"]
[Round "9"]
[White "Bryanl106"]
[Black "DuleMudule"]
[Result "1-0"]
[WhiteElo "2614"]
[BlackElo "2859"]
[TimeControl "180+1"]
[EndTime "15:41:50 PST"]
[Termination "Bryanl106 won by resignation"]

1. e4 c5 2. Nf3 Nc6 3. d4 cxd4 4. Nxd4 Qc7 5. Nc3 e6 6. Be3 a6 7. Qf3 h5 8. O-O-O Ne5 9. Qg3 h4 10. Qh3 Nf6 11. f3 b5 12. Nb3 Ng6 13. Kb1 Bb7 14.
Be2 Rc8 15. Rd2 Bd6 16. Bxb5 Bf4 17. Bxd7+ Nxd7 18. Bxf4 Qxf4 19. Rhd1 Nde5 20. Na5 Ba8 21. Nd5 O-O 22. Nxf4 Nxf4 23. Qxh4 Neg6 24. Qg3 Rc5 25. Nb3 Rcc8 26. h4 Bc6 27. Nd4 1-0

[Event "Late-Titled-Tuesday-Blitz-February-27-2024"]
[Site "Chess.com"]
[Date "2024.02.27"]
[Round "9"]
[White "Zavgorodniy_Sergiy"]
[Black "CheckBits"]
[Result "1-0"]
[WhiteElo "2626"]
[BlackElo "2421"]
[TimeControl "180+1"]
[EndTime "15:41:56 PST"]
[Termination "Zavgorodniy_Sergiy won by resignation"]

1. d4 d5 2. c4 dxc4 3. Nf3 e6 4. e3 a6 5. Bxc4 Nf6 6. O-O c5 7. Qe2 Nbd7 8. Rd1 Qc7 9. dxc5 Bxc5 10. a3 b5 11. Bd3 Bb7 12. b4 Be7 13. Bb2 Rc8 14. Nbd2 O-O 15. Rac1 Qb8 16. h3 h6 17. Nb3 Ne4 18. Na5 Bd5 19. Nd4 Bf6 20. Ndc6 Qa8 21. Bxf6 Ndxf6 22. Ne7+ Kh8 23. Nxc8 Rxc8 24. Qb2 Nd6 25.
Rxc8+ Qxc8 26. Rc1 Qa8 27. Bf1 Nde4 28. Qd4 Ng5 29. Qc5 Kh7 30. Bd3+ Be4 31. Bxe4+ Qxe4 32. Qc2 Nd5 33. Qxe4+ Nxe4 34. Rc6 1-0

[Event "Late-Titled-Tuesday-Blitz-February-27-2024"]
[Site "Chess.com"]
[Date "2024.02.27"]
[Round "9"]
[White "aghasiyevkamal"]
[Black "Arystanner"]
[Result "0-1"]
[WhiteElo "2623"]
[BlackElo "2794"]
[TimeControl "180+1"]
[EndTime "15:42:00 PST"]
[Termination "Arystanner won by resignation"]

1. d4 d5 2. c4 e6 3. Nc3 c5 4. cxd5 exd5 5. Nf3 Nc6 6. g3 cxd4 7. Nxd4 Nf6 8. Bg2 Bc5 9. Nb3 Bb6 10. O-O O-O 11. Bg5 d4 12. Ne4 Re8 13. Nxf6+ gxf6 14. Bh6 Ne5 15. h3 Bf5 16. Rc1 Qd7 17. g4 Bg6 18. Nc5 Qe7 19. Qxd4 Rac8 20. b4 Nc6 21. Qd7 Bxc5 22.
Bxc6 Rxc6 0-1

[Event "Late-Titled-Tuesday-Blitz-February-27-2024"]
[Site "Chess.com"]
[Date "2024.02.27"]
[Round "9"]
[White "waltereador"]
[Black "PNEPaul"]
[Result "1-0"]
[WhiteElo "2297"]
[BlackElo "2061"]
[TimeControl "180+1"]
[EndTime "15:42:13 PST"]
[Termination "waltereador won by resignation"]

1. d4 Nf6 2. Nf3 d6 3. e3 g6 4. b4 Bg7 5. Bb2 O-O 6. Be2 Bg4 7. Nbd2 c6 8. O-O Nbd7 9. h3 Bxf3 10. Nxf3 Re8 11. a4 e5 12. dxe5 dxe5 13. Bc4 h6 14.
Bb3 e4 15. Nd2 Nd5 16. Bxg7 Kxg7 17. b5 Nc3 18. Qe1 cxb5 19. axb5 Nxb5 20. Nc4 Nc5 21.
Qb4 Nxb3 22. Qxb3 a6 23. Rfd1 Qe7 24. Nb6 Rad8 25. Nd5 Qe5 26. c4 Nd6 27. Rd4 b5 28. cxb5 Nxb5 29. Rdd1 Rd6 30. Rxa6 Rxa6 31. Qxb5 Rd6 32.
Nc3 Rxd1+ 33. Nxd1 Rb8 34. Qxe5+ 1-0

[Event "Late-Titled-Tuesday-Blitz-February-27-2024"]
[Site "Chess.com"]
[Date "2024.02.27"]
[Round "9"]
[White "noblerone"]
[Black "NovakRatko"]
[Result "1-0"]
[WhiteElo "2470"]
[BlackElo "2456"]
[TimeControl "180+1"]
[EndTime "15:42:16 PST"]
[Termination "noblerone won by checkmate"]

1. d4 d5 2. c4 c5 3. dxc5 d4 4. Nf3 Nc6 5. e3 e5 6. exd4 exd4 7. Bd3 Qe7+ 8. Be2 Bf5 9. O-O O-O-O 10. Bd3 Qxc5 11.
Bf4 Bg4 12. Na3 Bd6 13. Bxd6 Rxd6 14. Be4 Nf6 15. Bxc6 bxc6 16. Qd3 Qf5 17. Qxf5+ Bxf5 18. c5 Rd5 19. b4 Bg4 20. Nc4 Bxf3 21. gxf3 Kc7 22.
Rfe1 Rhd8 23. Rad1 Nh5 24. Nd6 f5 25. Re7+ Rd7 26. Re8 Nf4 27. Rc8# 1-0

[Event "Late-Titled-Tuesday-Blitz-February-27-2024"]
[Site "Chess.com"]
[Date "2024.02.27"]
[Round "9"]
[White "campochess"]
[Black "giomar27"]
[Result "0-1"]
[WhiteElo "2205"]
[BlackElo "2404"]
[TimeControl "180+1"]
[EndTime "15:42:17 PST"]
[Termination "giomar27 won by resignation"]

1. c4 g6 2. Nc3 Bg7 3. d4 a6 4. Nf3 c5 5. d5 b5 6. e4 b4 7. Ne2 d6 8. Rb1 e5 9. g3 Ne7 10. Bg2 O-O 11. O-O h6 12. Ne1 f5 13. f4 Nd7 14. Nd3 fxe4 15. Bxe4 Nf5 16. Bxf5 Rxf5 17.
fxe5 Nxe5 18. Rxf5 Bxf5 19. Nef4 g5 20. g4 Bxg4 21. Qb3 Nf3+ 22. Kf2 Nd4 23. Qa4 gxf4 24. Bxf4 Qh4+ 25. Bg3 Qf6+ 26. Nf4 Re8 27. Qxe8+ Kh7 28. Re1 Nf3 29. Re2 Qd4+ 30. Kg2 Qd1 31. Qe4+ Kg8 32. Bf2 Ne5 33. Re1 Bf3+ 34. Kg3 Qd2 35. Re3 Bxe4 0-1

[Event "Late-Titled-Tuesday-Blitz-February-27-2024"]
[Site "Chess.com"]
[Date "2024.02.27"]
[Round "9"]
[White "mightysmasher"]
[Black "IMRosen"]
[Result "1-0"]
[WhiteElo "2585"]
[BlackElo "2685"]
[TimeControl "180+1"]
[EndTime "15:42:23 PST"]
[Termination "mightysmasher won by resignation"]

1. e4 c5 2. c3 d5 3. exd5 Qxd5 4. d4 Nf6 5. Nf3 Nc6 6. Na3 e6 7. Nb5 Qd8 8. Be2 a6 9. Na3 cxd4 10. Nxd4 Nxd4 11. cxd4 Bb4+ 12. Bd2 Bxd2+ 13. Qxd2 Ne4 14. Qb4 Qe7 15. Qxe7+ Kxe7 16. O-O Rd8 17. Rfd1 Bd7 18. Rac1 Bc6 19. Nc4 Rac8 20. Nb6 Rc7 21. d5 exd5 22.
Nxd5+ Bxd5 23. Rxc7+ Kd6 24. Rcc1 Ke5 25. Bf3 f5 26.
Bxe4 fxe4 27. Rc7 Kf6 28. Rxb7 Rc8 29. Rb6+ Ke5 30. h3 Bxa2 31. Rxa6 Bb3 32. Ra5+ Ke6 33.
Re1 Bc2 34. Rc1 Rc6 35. b4 Kd6 36. Rc5 Rxc5 37. bxc5+ Kxc5 38. Rxc2+ Kd4 39. Rc7 Kd3 40. Rxg7 h5 41. Rg5 1-0

[Event "Late-Titled-Tuesday-Blitz-February-27-2024"]
[Site "Chess.com"]
[Date "2024.02.27"]
[Round "9"]
[White "jactorres"]
[Black "katharinareinecke"]
[Result "0-1"]
[WhiteElo "2305"]
[BlackElo "1999"]
[TimeControl "180+1"]
[EndTime "15:42:29 PST"]
[Termination "katharinareinecke won on time"]

1. e4 c6 2. d4 d5 3. exd5 cxd5 4.
c4 Be6 5. c5 g6 6. Nf3 Bg7 7.
Nc3 Nf6 8. Bf4 O-O 9. Bb5 a6 10. Ba4 b5 11. Bc2 Nc6 12. a3 Bf5 13. Bxf5 gxf5 14.
O-O e6 15. h3 Ne4 16. Ne5 Nxe5 17. Nxe4 fxe4 18. dxe5 Kh8 19. Rc1 Rg8 20. Kh1 Bf8 21. b4 Be7 22. Qh5 Rg6 23. Rc3 Qg8 24. Rg3 Rxg3 25. Bxg3 Qg6 26. Qxg6 hxg6 27. Rc1 Rc8 28. Kg1 Kg7 29. Kf1 Rc6 30. Ke2 Bg5 31. Rc2 Be7 32.
f3 exf3+ 33. gxf3 g5 34. Kd3 Kg6 35. Kd4 Kf5 36. Rg2 Kg6 37. Bh2 f6 0-1

[Event "Late-Titled-Tuesday-Blitz-February-27-2024"]
[Site "Chess.com"]
[Date "2024.02.27"]
[Round "9"]
[White "Malev212"]
[Black "Vasily85"]
[Result "1-0"]
[WhiteElo "2640"]
[BlackElo "2496"]
[TimeControl "180+1"]
[EndTime "15:42:31 PST"]
[Termination "Malev212 won by resignation"]

1. e4 c6 2. d4 d5 3. exd5 cxd5 4. Bd3 Nc6 5. c3 Qc7 6. h3 Nf6 7. Nf3 e6 8. O-O Bd6 9. Re1 Bd7 10. a4 h6 11. Na3 a6 12. Nc2 O-O 13. Qe2 Rfe8 14.
Ne5 Na5 15. Bf4 Rab8 16. Qf3 Nc6 17. Re2 Re7 18. Rae1 Nh7 19. Qg3 f6 20. Nxc6 Bxf4 21. Nxe7+ Kf8 22. Ng6+ 1-0

[Event "Late-Titled-Tuesday-Blitz-February-27-2024"]
[Site "Chess.com"]
[Date "2024.02.27"]
[Round "9"]
[White "ArtemDyachuk"]
[Black "jcibarra"]
[Result "1-0"]
[WhiteElo "2727"]
[BlackElo "2914"]
[TimeControl "180+1"]
[EndTime "15:42:36 PST"]
[Termination "ArtemDyachuk won by checkmate"]

1. d4 Nf6 2. c4 d6 3. Nf3 g6 4. g3 Bf5 5. Nc3 Ne4 6. Bg2 Nxc3 7.
bxc3 Be4 8. O-O Bg7 9. Re1 O-O 10.
a4 b6 11. a5 Nc6 12. axb6 axb6 13. Bb2 Na5 14. Nd2 Bxg2 15. Kxg2 c5 16. e4 e5 17. d5 Bh6 18. Bc1 Bxd2 19. Bxd2 Nxc4 20. Bh6 Re8 21.
Rxa8 Qxa8 22. Qf3 Qd8 23. Ra1 Na5 24. h4 f6 25. h5 Kf7 26. Rh1 Rh8 27. Bg5 Kg7 28. hxg6 h6 29. Bc1 Qe8 30. Rh4 h5 31.
Qf5 Qxg6 32. Qd7+ Qf7 33. Qxd6 Nc4 34. Qc6 Rb8 35. Rxh5 Qxh5 36. Qc7+ Kg6 37. Qxb8 Qe2 38. Qg8+ Kh5 39. Qh7+ Kg4 40. Qh4# 1-0

[Event "Late-Titled-Tuesday-Blitz-February-27-2024"]
[Site "Chess.com"]
[Date "2024.02.27"]
[Round "9"]
[White "Evgeny81"]
[Black "VinzentSpitzl"]
[Result "1-0"]
[WhiteElo "2767"]
[BlackElo "2534"]
[TimeControl "180+1"]
[EndTime "15:42:37 PST"]
[Termination "Evgeny81 won by resignation"]

1. e4 c5 2. Nf3 d6 3. Bb5+ Bd7 4. c4 g6 5. Nc3 Bg7 6. d4 cxd4 7. Nxd4 Nc6 8. Be3 Nf6 9. f3 O-O 10. O-O a6 11.
Ba4 Rc8 12. Bxc6 bxc6 13. Rc1 c5 14. Nde2 Rb8 15. Qd2 Qb6 16. Rc2 a5 17. Bh6 a4 18.
Bxg7 Kxg7 19. Nf4 Bc6 20. Qe3 Qb4 21. Nd1 e5 22. Ne2 Ne8 23. Nf2 Nc7 24. Rd1 Rbd8 25.
f4 exf4 26. Nxf4 Ne6 27. Ng4 Qb7 28. Nd5 Bxd5 29. Qh6+ Kg8 30. Nf6+ 1-0

[Event "Late-Titled-Tuesday-Blitz-February-27-2024"]
[Site "Chess.com"]
[Date "2024.02.27"]
[Round "9"]
[White "ChessSwole"]
[Black "PositionalPanther"]
[Result "1-0"]
[WhiteElo "2691"]
[BlackElo "2510"]
[TimeControl "180+1"]
[EndTime "15:42:37 PST"]
[Termination "ChessSwole won by checkmate"]

1. d4 d5 2. c4 e6 3. Nc3 Nf6 4. cxd5 exd5 5. Bg5 c6 6. e3 Be7 7. Bd3 h6 8. Bh4 O-O 9. Qc2 Ne8 10. Bg3 Nd6 11. Nf3 Be6 12. O-O a5 13.
Ne5 Nd7 14. f4 Nxe5 15. dxe5 Nc4 16. Rae1 d4 17. f5 dxc3 18. fxe6 Nxb2 19. Bh7+ Kh8 20.
exf7 Qd2 21. Qg6 c5 22. e6 Nc4 23. Bg8 Rxg8 24. fxg8=Q+ Rxg8 25. Qe4 Nd6 26. Qg6 c2 27.
Be5 Ne8 28. Qxh6# 1-0

[Event "Late-Titled-Tuesday-Blitz-February-27-2024"]
[Site "Chess.com"]
[Date "2024.02.27"]
[Round "9"]
[White "Mikhail_Golubev"]
[Black "Josetricks"]
[Result "1-0"]
[WhiteElo "2636"]
[BlackElo "2485"]
[TimeControl "180+1"]
[EndTime "15:42:38 PST"]
[Termination "Mikhail_Golubev won by resignation"]

1. e4 c5 2. Nf3 e6 3. d4 cxd4 4. Nxd4 Bc5 5. Nc3 Qb6 6. Be3 Nc6 7. Ndb5 Bxe3 8. fxe3 Qxe3+ 9. Be2 Rb8 10. Rf1 f6 11.
Nd6+ Ke7 12. Nc4 Qd4 13. Bd3 b5 14. Qg4 g6 15. Ne2 Qc5 16. Nd2 Ne5 17. Qg3 Nh6 18.
Nb3 Qb4+ 19. Nc3 Nhf7 20. O-O-O Nxd3+ 21. Rxd3 Ne5 22. Rd4 Nc4 23. Qxb8 a5 24. Qxb5 Ne3 25. Rxb4 1-0

[Event "Late-Titled-Tuesday-Blitz-February-27-2024"]
[Site "Chess.com"]
[Date "2024.02.27"]
[Round "9"]
[White "Kosak12"]
[Black "Genghis_K"]
[Result "0-1"]
[WhiteElo "2805"]
[BlackElo "2946"]
[TimeControl "180+1"]
[EndTime "15:42:42 PST"]
[Termination "Genghis_K won on time"]

1. e4 c5 2. Nf3 d6 3. d4 cxd4 4. Nxd4 Nf6 5. Nc3 a6 6. Bg5 e6 7. f4 h6 8. Bh4 Nbd7 9. Qe2 e5 10.
fxe5 Nxe5 11. h3 Be7 12. O-O-O Nxe4 13. Nxe4 Bxh4 14. Nc6 Nxc6 15. Nxd6+ Kf8 16. Nxf7 Bg5+ 17. Kb1 Kxf7 18. Rxd8 Rxd8 19. h4 Bf6 20. Qh5+ g6 21.
Bc4+ Kg7 22. Qe2 Bf5 23. g4 Nd4 24. Qg2 Bxc2+ 25. Ka1 b5 26. Bd5 Bd3 27. Rc1 Rac8 28. Rxc8 Rxc8 29. a3 Rc1+ 30. Ka2 Bb1+ 0-1

[Event "Late-Titled-Tuesday-Blitz-February-27-2024"]
[Site "Chess.com"]
[Date "2024.02.27"]
[Round "9"]
[White "rikchessmx"]
[Black "DefiantChair"]
[Result "0-1"]
[WhiteElo "2275"]
[BlackElo "2666"]
[TimeControl "180+1"]
[EndTime "15:42:43 PST"]
[Termination "DefiantChair won by resignation"]

1. e4 e5 2. Nf3 Nc6 3. Bb5 Nf6 4. d3 Bc5 5. c3 O-O 6. O-O d6 7. Be3 Bb6 8. a4 a6 9. Bc4 Ne7 10. Bxb6 cxb6 11. h3 Ng6 12. Nbd2 Nf4 13. Re1 h6 14. d4 Nd7 15. Bf1 Qf6 16. g3 Ng6 17. Bg2 Rd8 18. Nc4 Rb8 19. Ne3 Re8 20. Nd5 Qd8 21.
Qb3 Ne7 22. Ne3 Nc6 23. Nf5 Nf6 24. d5 Bxf5 25. exf5 Ne7 26. g4 Nexd5 27. Rad1 Nf4 28. Nxe5 Qc7 29. Nf3 Nxg2 30. Kxg2 Qc6 31. c4 Re4 32. Rxe4 Nxe4 33. Rd5 Nf6 34. Rd4 Re8 35. Qd3 Ne4 36. b3 Nc5 37. Qc3 Re2 38. Rd5 Rxf2+ 39. Kg3 Ne4+ 0-1

[Event "Late-Titled-Tuesday-Blitz-February-27-2024"]
[Site "Chess.com"]
[Date "2024.02.27"]
[Round "9"]
[White "The_Machine04"]
[Black "platy3"]
[Result "0-1"]
[WhiteElo "2815"]
[BlackElo "2956"]
[TimeControl "180+1"]
[EndTime "15:42:48 PST"]
[Termination "platy3 won by resignation"]

1. d4 Nf6 2. Nf3 d5 3. e3 c6 4. Nbd2 Bf5 5. Ne5 Nfd7 6. Qf3 Bg6 7. Nxg6 hxg6 8. Bd3 e5 9. e4 f5 10. Qg3 Qf6 11.
dxe5 Nxe5 12. exd5 Bd6 13. Qe3 O-O 14. Nf3 Nxf3+ 15.
Qxf3 Re8+ 16. Kf1 Nd7 17. dxc6 bxc6 18. Bc4+ Kf8 19. Qxc6 Re1+ 20. Kxe1 Bb4+ 21. Bd2 Bxd2+ 22. Kxd2 Qxc6 23. Bd3 Nc5 24. Rhe1 Rd8 25. Re3 Qxg2 26. Rae1 Nxd3 27. cxd3 Qxh2 28. R1e2 Qd6 29. Kc2 Kf7 30. a3 f4 31. Rf3 Qc6+ 0-1

[Event "Late-Titled-Tuesday-Blitz-February-27-2024"]
[Site "Chess.com"]
[Date "2024.02.27"]
[Round "9"]
[White "Binary010"]
[Black "NMJeevanK"]
[Result "1-0"]
[WhiteElo "2807"]
[BlackElo "2607"]
[TimeControl "180+1"]
[EndTime "15:42:52 PST"]
[Termination "Binary010 won by resignation"]

1. d4 d6 2. e4 Nf6 3. Nc3 e5 4. Nf3 Nbd7 5. Rg1 g6 6. g4 Bg7 7.
Be3 O-O 8. g5 Nh5 9. Qd2 c6 10.
O-O-O Qc7 11. Kb1 Re8 12. Be2 a6 13. Nh4 Nf4 14. Bxf4 exf4 15. Qxf4 b5 16. Nf5 gxf5 17. exf5 Nb6 18. g6 fxg6 19. fxg6 h6 20. Ne4 Nd5 21. Qf7+ Qxf7 22. gxf7+ Kxf7 23. Bh5+ Kf8 24. Bxe8 Bf5 25.
Nxd6 Bh7 26. Bxc6 Rd8 27. Bxd5 Rxd6 28. Bb3 a5 29. a4 bxa4 30. Bxa4 Bxd4 31. Rg4 Be5 32.
Rxd6 Bxd6 33. Rd4 Bc5 34. Rd5 Bxf2 35. Rxa5 1-0

[Event "Late-Titled-Tuesday-Blitz-February-27-2024"]
[Site "Chess.com"]
[Date "2024.02.27"]
[Round "9"]
[White "GmSergioBarrientos"]
[Black "ACollins05"]
[Result "0-1"]
[WhiteElo "2721"]
[BlackElo "2610"]
[TimeControl "180+1"]
[EndTime "15:42:53 PST"]
[Termination "ACollins05 won by resignation"]

1. Nf3 d5 2. e3 Nf6 3. c4 e6 4.
Nc3 Be7 5. b3 dxc4 6. bxc4 c5 7.
Be2 Nc6 8. O-O O-O 9. a4 b6 10. d3 Bb7 11. Bb2 Rc8 12. Qb3 Qc7 13. Rfd1 Rfd8 14.
h3 h6 15. Rac1 Qb8 16. Qa2 Nb4 17. Qb1 Bc6 18. Ne1 a5 19. Nb5 Qb7 20. Bc3 Ne8 21.
Rd2 Nd6 22. Rcd1 Nxb5 23. cxb5 Be8 24. Qb2 Bf8 25. Bf3 Qc7 26. Nc2 f6 27. Na1 Bg6 28. Be2 e5 29. Nb3 Rd7 30. Bxb4 cxb4 31. Bg4 f5 32. Bf3 Rcd8 33. Bc6 Rd6 34. d4 exd4 35. Nxd4 Be7 36. Qb3+ Bf7 37. Qb1 g6 38. Bf3 Bf6 39.
Rc1 Qd7 40. Rc6 Bxd4 41. Rxd6 Qxd6 42. Rxd4 Qe7 43. Qc1 Rxd4 44. exd4 b3 45. d5 Qb4 46.
Qb2 Qxa4 47. d6 Qxb5 48. Be2 Qc6 49. Qe5 b2 50. Qxb2 Qxd6 51. Bf3 a4 52. Qc1 Kg7 53. Qc3+ Qf6 54. Qc7 a3 55. Qa7 a2 0-1

[Event "Late-Titled-Tuesday-Blitz-February-27-2024"]
[Site "Chess.com"]
[Date "2024.02.27"]
[Round "9"]
[White "ritanovikova"]
[Black "Nick12772"]
[Result "0-1"]
[WhiteElo "2227"]
[BlackElo "2380"]
[TimeControl "180+1"]
[EndTime "15:42:55 PST"]
[Termination "Nick12772 won by resignation"]

1. e4 e6 2. d4 d5 3. exd5 exd5 4.
Bd3 Bd6 5. Nf3 Ne7 6. Kf1 O-O 7. h3 Bf5 8. g3 c6 9. Kg2 Nd7 10. Re1 Bxd3 11. Qxd3 Nf6 12. c3 Ne4 13. Nbd2 f5 14. Nf1 Ng6 15. h4 f4 16. h5 Ne7 17. Ne5 fxg3 18.
fxg3 Nf5 19. Bf4 a5 20. Nd2 Nf6 21. h6 Nxh6 22. Bxh6 gxh6 23. Ndf3 Ne4 24. Rh1 Bxe5 25. dxe5 Qb6 26. Rae1 Qf2+ 0-1

[Event "Late-Titled-Tuesday-Blitz-February-27-2024"]
[Site "Chess.com"]
[Date "2024.02.27"]
[Round "9"]
[White "N_Mullodzhanov"]
[Black "djano"]
[Result "1-0"]
[WhiteElo "2464"]
[BlackElo "2558"]
[TimeControl "180+1"]
[EndTime "15:42:57 PST"]
[Termination "N_Mullodzhanov won by resignation"]

1. e4 c5 2. c3 e5 3. Nf3 Nc6 4. Bc4 Nf6 5. Ng5 d5 6. exd5 Nxd5 7. Qh5 g6 8. Qf3 Qxg5 9. Bxd5 Nd8 10. O-O Qf5 11.
Re1 Bg7 12. d4 cxd4 13. cxd4 Qxf3 14. Bxf3 O-O 15. dxe5 Re8 16. Bf4 Ne6 17. Bg3 Nd4 18. Bd1 Bf5 19. Nc3 f6 20. Nd5 Rad8 21. Nc7 Re7 22.
e6 Rc8 23. Ba4 Kh8 24. Bd6 Rxe6 25. Nxe6 Bxe6 26. Rad1 f5 27. f4 Bxa2 28. Be5 Bxe5 29.
Rxe5 Bf7 30. Rxd4 Rc1+ 31. Kf2 h5 32. Rd8+ Kg7 33. Re7 Kf6 34. Rdd7 Bc4 35. Rh7 Rf1+ 36. Kg3 h4+ 37. Kh3 Rxf4 38. Rxh4 Rf2 39. Rxc4 Kg5 40. Rd5 1-0

[Event "Late-Titled-Tuesday-Blitz-February-27-2024"]
[Site "Chess.com"]
[Date "2024.02.27"]
[Round "9"]
[White "Supelyel"]
[Black "1g60-1"]
[Result "0-1"]
[WhiteElo "2402"]
[BlackElo "2326"]
[TimeControl "180+1"]
[EndTime "15:43:00 PST"]
[Termination "1g60-1 won by resignation"]

1. c4 g6 2. Nc3 Bg7 3. g3 d6 4. Bg2 Nf6 5. Nf3 Nc6 6. O-O e5 7. d3 Bd7 8. Bg5 Qc8 9. Bxf6 Bxf6 10. Nd5 Bg7 11. b4 Ne7 12. Rb1 c6 13. Nxe7 Kxe7 14.
b5 Rd8 15. bxc6 Bxc6 16. Nd2 Bxg2 17. Kxg2 Qc6+ 18. e4 f5 19. Qb3 Rab8 20. Qa3 Bh6 21. Nf3 a6 22. Nxe5 Qe8 23. Rfe1 f4 24. Ng4 Bg5 25. e5 Kf8 26. h4 h5 27. exd6 Qc6+ 28. Kh2 hxg4 29. h5 Qxd6 30. c5 Qxd3 31. Rb3 fxg3+ 32.
fxg3 Qd2+ 0-1

[Event "Late-Titled-Tuesday-Blitz-February-27-2024"]
[Site "Chess.com"]
[Date "2024.02.27"]
[Round "9"]
[White "FredddieCroderg"]
[Black "thesupera12"]
[Result "1/2-1/2"]
[WhiteElo "2283"]
[BlackElo "2449"]
[TimeControl "180+1"]
[EndTime "15:43:00 PST"]
[Termination "Game drawn by agreement"]

1. e4 h6 2. Bc4 e5 3. Qf3 Qf6 4. Qxf6 Nxf6 5. Nf3 Nc6 6. d3 Bc5 7. O-O O-O 8. Nc3 d6 9. Nd5 Nxd5 10. Bxd5 Be6 11.
Bxe6 fxe6 12. c3 Rf7 13. Be3 Bb6 14. Nd2 Raf8 15. Nc4 d5 16. Nxb6 axb6 17. f3 Ne7 18.
a4 Ng6 19. a5 bxa5 20. Rxa5 c6 21. Rfa1 Nf4 22. Bxf4 Rxf4 23. Ra8 Rf7 24. R1a7 Rd7 25. Rxf8+ Kxf8 26. Kf2 dxe4 27. fxe4 Rxd3 28. Rxb7 Rd2+ 29. Kf3 Kg8 30. h4 h5 31. g4 hxg4+ 32. Kxg4 Kh7 33. b4 Kg6 34. c4 Rd4 35. b5 Rxc4 36. b6 Rxe4+ 37. Kg3 Rb4 38. h5+ Kxh5 39. Rxg7 Rxb6 40. Kf3 Rb5 41. Ke4 Rc5 42. Rg1 Rd5 43. Rg8 c5 44. Re8 Rd6 45. Rc8 Rd5 46. Rc6 Kg5 47. Rxe6 Rd1 48. Rxe5+ Kf6 49. Rxc5 Ke6 50. Ra5 Kd6 51. Kf4 Re1 52. Kf3 1/2-1/2

[Event "Late-Titled-Tuesday-Blitz-February-27-2024"]
[Site "Chess.com"]
[Date "2024.02.27"]
[Round "9"]
[White "McCarthyStone"]
[Black "jinxy2009"]
[Result "1-0"]
[WhiteElo "2363"]
[BlackElo "2169"]
[TimeControl "180+1"]
[EndTime "15:43:03 PST"]
[Termination "McCarthyStone won by resignation"]

1. b3 d5 2. Bb2 Nf6 3. Nf3 Bf5 4. e3 h6 5. d3 e6 6. Nbd2 Nbd7 7. h3 c6 8. g4 Bh7 9. Bg2 Bd6 10. O-O Qc7 11. Qe2 O-O-O 12. e4 e5 13. Rfe1 Rde8 14. a3 g5 15. b4 d4 16. Nc4 h5 17. Nxg5 Bg6 18.
f4 exf4 19. Bxd4 hxg4 20. hxg4 Rh4 21. e5 Nxe5 22. Nxd6+ Qxd6 23. Bxe5 Qd8 24. Bxf6 Qb6+ 25. Qf2 1-0